 Dungeon Crawl Stone Soup version 0.25-a0-577-ga4619f4 (webtiles) character file.

Game seed: 4717280372460747740, levelgen mode: deterministic

3775 15 the Summoner (level 10, 0/74 HPs)
             Began as a Barachi Summoner on Mar 2, 2020.
             Was a Believer of Sif Muna.
             Slain by a killer bee (10 damage)
             ... on level 10 of the Dungeon.
             The game lasted 00:50:49 (9536 turns).

15 the Summoner (Barachi Summoner)                  Turns: 9536, Time: 00:50:50

Health: 0/74       AC:  5    Str: 11    XL:     10   Next: 16%
Magic:  12/28      EV: 14    Int: 20    God:    Sif Muna [**....]
Gold:   368        SH:  5    Dex: 13    Spells: 1/21 levels left

rFire    . . .     SeeInvis .   b - +3 dagger (venom)
rCold    . . .     Gourm    .   k - +0 buckler
rNeg     . . .     Faith    .   a - +0 robe
rPois    .         Spirit   .   (no helmet)
rElec    .         Reflect  .   (no cloak)
rCorr    .         Harm     .   g - +2 pair of gloves
MR       .....                  (no boots)
Stlth    ++........             t - amulet of the acrobat
HPRegen  0.22/turn              q - ring of magical power
MPRegen  0.21/turn              v - +3 ring of intelligence

@: lethally poisoned (0 -> -1), very slightly contaminated, slow
A: +LOS, swims, slowness 1, strong legs 1
a: Hop, Channel Magic, Renounce Religion


You were on level 10 of the Dungeon.
You worshipped Sif Muna.
Sif Muna was pleased with you.
You were hungry.

You visited 2 branches of the dungeon, and saw 11 of its levels.
You also visited: Ossuary.

You collected 608 gold pieces.
You spent 240 gold pieces at shops.

Inventory:

Hand Weapons
 b - a +3 dagger of venom (weapon)
 r - a +0 rapier
Missiles
 l - 89 bolts
Armour
 a - a +0 robe (worn)
 g - a +2 pair of gloves (worn)
 k - a +0 buckler (worn)
Jewellery
 q - a ring of magical power (left hand)
 t - an amulet of the acrobat (around neck)
 v - a +3 ring of intelligence (right hand)
 J - an uncursed ring of ice
Wands
 o - a wand of digging (4)
 z - a wand of enslavement (9)
 E - a wand of paralysis (4)
 F - a wand of acid (15)
 K - a wand of polymorph (7)
Scrolls
 f - 2 scrolls of fear {unknown}
 i - 7 scrolls of remove curse
 m - 3 scrolls of enchant weapon
 p - 3 scrolls of blinking
 u - 3 scrolls of magic mapping
 w - a scroll of noise {unknown}
 x - 2 scrolls of enchant armour
 y - 2 scrolls of amnesia {unknown}
 C - 3 scrolls of teleportation {unknown}
 D - a scroll of fog {unknown}
 G - a scroll of acquirement {unknown}
 H - a scroll of summoning {unknown}
Potions
 d - a potion of haste
 e - 3 potions of heal wounds
 h - 12 potions of curing
 j - 2 potions of lignification
 n - a potion of magic
 s - a potion of ambrosia
 A - a potion of might
 B - a potion of cancellation {unknown}
 M - a potion of brilliance {unknown}
Miscellaneous
 L - a tin of tremorstones
Comestibles
 c - 10 rations


   Skills:
 * Level 5.0 Fighting
 * Level 4.8 Short Blades
 * Level 4.7 Armour
 * Level 4.8 Dodging
 + Level 2.2 Stealth
 * Level 4.3 Shields
 * Level 6.3 Spellcasting
 * Level 9.1 Summonings
 * Level 2.3 Ice Magic
 * Level 3.0 Air Magic
 * Level 2.3 Invocations
 * Level 3.4 Evocations


You had one spell level left.
You knew the following spells:

 Your Spells              Type           Power        Failure   Level  Hunger
a - Summon Small Mammal   Summ           ####         1%          1    None
b - Call Imp              Summ           #####...     1%          2    None
c - Call Canine Familiar  Summ           #####...     1%          3    ##.....
d - Summon Guardian Gole  Hex/Summ       ###.....     4%          3    ##.....
e - Summon Lightning Spi  Summ/Air       ####....     9%          4    ####...
f - Summon Ice Beast      Ice/Summ       ####....     10%         4    ####...
g - Mephitic Cloud        Conj/Pois/Air  ##......     21%         3    ##.....

Your spell library contained the following spells:

 Spells                   Type           Power        Failure   Level  Hunger
 Magic Dart               Conj           #...         10%         1    None
 Blink                    Tloc           N/A          16%         2    None
 Slow                     Hex            #.......     16%         2    None
 Conjure Flame            Conj/Fire      #.......     30%         3    ##.....


Dungeon Overview and Level Annotations

Branches:
Dungeon (10/15)            Temple (1/1) D:6            Lair (0/6) D:9
Ossuary (visited)
    Orc: D:9-12

Altars:
Ashenzari
Cheibriados
Dithmenos
Elyvilon
Fedhas
Gozag
Hepliaklqana
Kikubaaqudgha
Makhleb
Nemelex Xobeh
Okawaru
Qazlal
Ru
Sif Muna
Trog
Uskayaw
Vehumet
Wu Jian
Xom
Yredelemnul
Zin
The Shining One

Shops:
D:7 :


Innate Abilities, Weirdness & Mutations

You can be seen from farther away. (+LOS)
You can swim through water.
You cover ground slowly.
You can hop short distances.


Message History

There is an open door here.
Things that are here:
a killer bee corpse x2
There isn't anything edible to butcher here.
You barely miss the killer bee.
You feel sick. You block the killer bee's attack.
You closely miss the killer bee. The killer bee stings you.
* * * LOW HITPOINT WARNING * * *
The killer bee closely misses you.
You hit the killer bee.
The killer bee is moderately wounded.
The killer bee barely misses you.
You hit the killer bee but do no damage.
The killer bee is moderately wounded.
You feel sick. The killer bee closely misses you. The killer bee stings you!
* * * LOW HITPOINT WARNING * * *
You hit the killer bee.
The killer bee is heavily wounded.
The killer bee stings you!
You die...

#.#.#.......#.###
#.#>##+#.......
#.#.##+#.......
#.#..........[.
#.#............
#.#............
####.#.......#####
#h†..#.##'#.......
#@####.##.#.......
#.......y...#.#..#.......
#......††...#.#..#.......
#.......†...#.#..#.......
#...........# #..#.......
#...........# #..#.......
#..........[# #.†........
#...........# ##.##......
#............ ... .....


You could see a killer bee and a friendly hound.

Vanquished Creatures
  A wyvern (D:9)
  2 porcupines (D:9)
  A sky beast (D:8)
  2 ice beasts
  Blork the orc (D:4)
  A bullfrog (D:9)
  A water moccasin zombie (Ossuary)
  3 scorpions
  A wyvern skeleton (D:6)
  6 killer bees
  A howler monkey (D:6)
  A crimson imp (D:5)
  A quasit (D:6)
  A bullfrog zombie (D:5)
  A jelly (D:8)
  A hound (D:7)
  Ijyb (D:4)
  An iguana (D:10)
  An orc wizard (D:5)
  8 worker ants
  2 big kobold zombies (Ossuary)
  A mummy (Ossuary)
  A worker ant zombie (D:5)
  5 adders
  2 shadow imps
  An ooze (D:1)
  3 adder zombies (Ossuary)
  A dart slug (D:2)
  3 leopard geckos
  7 orcs
  5 giant cockroaches
  2 gnoll zombies (Ossuary)
  4 goblins
  9 hobgoblins
  5 jackals
  A quokka (D:6)
  6 bats
  6 frilled lizards
  3 hobgoblin zombies (Ossuary)
  9 kobolds
  3 kobold zombies (Ossuary)
  2 orc zombies (Ossuary)
  5 rats
122 creatures vanquished.

Vanquished Creatures (collateral kills)
  2 trolls
  Sigmund (D:6)
  2 wyverns
  A porcupine (D:9)
  An orc warrior (D:5)
  2 sky beasts
  An ogre (D:4)
  2 phantoms
  3 black bears
  2 centaurs (D:6)
  2 big kobolds
  4 bullfrogs
  3 scorpions
  A water moccasin zombie (Ossuary)
  13 killer bees
  2 hounds
  2 orc priests
  2 centaur skeletons
  4 jellies
  An orc wizard (D:7)
  Jessica (D:2)
  An iguana (D:4)
  2 worker ants
  A big kobold zombie (Ossuary)
  A mummy (Ossuary)
  2 worker ant zombies
  5 adders
  A shadow imp (D:8)
  An adder skeleton (D:8)
  A dart slug (D:2)
  2 leopard geckos
  4 orcs
  A ball python (D:3)
  2 giant cockroaches
  3 gnoll zombies (Ossuary)
  2 goblins
  4 hobgoblins
  6 jackals
  2 quokkas
  A ball python skeleton (D:4)
  2 bats (D:1)
  3 hobgoblin zombies (Ossuary)
  10 kobolds
  2 kobold zombies (Ossuary)
  5 orc zombies (Ossuary)
  2 quokka skeletons
  3 rats (D:3)
121 creatures vanquished.

Vanquished Creatures (others)
  4 fungi (D:9)
4 creatures vanquished.

Grand Total: 247 creatures vanquished

Notes
Turn   | Place    | Note
-------+----------+-------------------------------------------
     0 | D:1      | 15 the Barachi Summoner began the quest for the Orb.
     0 | D:1      | Reached XP level 1. HP: 13/13 MP: 3/3
   108 | D:1      | Reached skill level 5 in Summonings
   354 | D:1      | Reached XP level 2. HP: 10/19 MP: 5/5
   375 | D:1      | Learned a level 2 spell: Call Imp
   796 | D:1      | Reached skill level 1 in Armour
   883 | D:1      | Reached XP level 3. HP: 21/24 MP: 3/6
  1374 | D:2      | Noticed Jessica
  1435 | D:2      | Reached skill level 1 in Short Blades
  1495 | D:2      | Found a stormy altar of Qazlal.
  1514 | D:2      | Killed Jessica
  1514 | D:2      | Reached XP level 4. HP: 31/31 MP: 3/8
  1622 | D:2      | Reached skill level 1 in Fighting
  1632 | D:2      | Learned a level 3 spell: Call Canine Familiar
  1735 | D:2      | You fall into a shaft and drop 2 floors!
  1843 | D:4      | Found a sand-covered staircase.
  1858 | Ossuary  | Entered an ossuary
  2107 | Ossuary  | Reached XP level 5. HP: 34/37 MP: 0/9
  2680 | Ossuary  | Reached skill level 1 in Shields
  2687 | Ossuary  | Reached XP level 6. HP: 41/43 MP: 2/11
  3055 | D:2      | Learned a level 3 spell: Summon Guardian Golem
  3452 | D:3      | Reached skill level 6 in Summonings
  3778 | D:4      | Noticed Blork the orc
  3784 | D:4      | Killed Blork the orc
  4000 | D:4      | Reached XP level 7. HP: 50/50 MP: 13/13
  4009 | D:4      | Found an iron altar of Okawaru.
  4010 | D:4      | Found a bloodstained altar of Trog.
  4011 | D:4      | Found a burning altar of Makhleb.
  4011 | D:4      | Found an opulent altar of Gozag.
  4015 | D:4      | Found a radiant altar of Vehumet.
  4084 | D:4      | Learned a level 4 spell: Summon Lightning Spire
  4273 | D:4      | Noticed Ijyb
  4283 | D:4      | Killed Ijyb
  4539 | D:5      | Entered Level 5 of the Dungeon
  4945 | D:5      | Reached XP level 8. HP: 43/58 MP: 14/14
  5250 | D:6      | Reached skill level 1 in Air Magic
  5358 | D:6      | Found a staircase to the Ecumenical Temple.
  5371 | D:6      | Noticed Sigmund
  5375 | D:6      | Reached skill level 1 in Evocations
  5387 | D:6      | Reached skill level 7 in Summonings
  5536 | D:6      | Killed Sigmund
  5536 | D:6      | Reached skill level 5 in Spellcasting
  5667 | Temple   | Entered the Ecumenical Temple
  5795 | Temple   | Became a worshipper of Sif Muna the Loreminder
  6302 | D:7      | Found Fafrewev's Book Boutique.
  6305 | D:7      | Bought a book of Minor Magic for 240 gold pieces
  6310 | D:7      | Learned a level 4 spell: Summon Ice Beast
  6854 | D:8      | Noticed a wyvern
  6865 | D:8      | Killed a wyvern
  6865 | D:8      | Reached skill level 8 in Summonings
  6869 | D:8      | Reached XP level 9. HP: 51/65 MP: 17/17
  7005 | D:8      | Noticed a two-headed ogre
  7027 | D:8      | HP: 2/65 [two-headed ogre/+0 giant club (27)]
  7434 | D:8      | Reached skill level 1 in Invocations
  8060 | D:9      | Reached * piety under Sif Muna
  8234 | D:9      | Reached skill level 1 in Ice Magic
  8424 | D:9      | Noticed a troll
  8595 | D:9      | Found a staircase to the Lair.
  8746 | D:9      | Killed a troll
  9060 | D:10     | Entered Level 10 of the Dungeon
  9095 | D:10     | Reached skill level 5 in Fighting
  9190 | D:10     | Noticed a troll
  9196 | D:10     | Killed a troll
  9196 | D:10     | Reached XP level 10. HP: 74/74 MP: 19/19
  9211 | D:10     | Learned a level 3 spell: Mephitic Cloud
  9481 | D:10     | Reached skill level 9 in Summonings
  9491 | D:10     | Reached ** piety under Sif Muna
  9536 | D:10     | Slain by a killer bee

Levels and vault maps discovered:
D:1:      dpeg_arrival_boxes_within_box, layout_basic, bh_walls_and_bars
D:2:      layout_loops_ring, nicolae_qazlal_general_emergency, uniq_jessica
D:3:      layout_rooms
D:4:      layout_loops_corners, nicolae_overflow_hidden_temple, first_ration,
          nicolae_ossuary_entry_ruins, uniq_blork_the_orc, uniq_ijyb
D:5:      layout_basic
D:6:      layout_loops_cross, minmay_temple_entry_arrows,
          kennysheep_generic_room_9, uniq_sigmund
D:7:      layout_basic, serial_shops, shop
D:8:      layout_basic
D:9:      layout_basic, due_lair_maze_entry_diamond
D:10:     layout_basic, david_nohive_1
Temple:   minmay_crystal_spiral_temple

Skill      XL: |  1  2  3  4  5  6  7  8  9 10 |
---------------+-------------------------------+-----
Summonings     | 5 6 8 9 |  9.1
Armour         | 1 2 3 4 |  4.7
Short Blades   | 1 2 3 4 |  4.8
Fighting       | 1 2 3 5 |  5.0
Spellcasting   | 3 4 5 6 |  6.3
Dodging        | 3 4 |  4.8
Shields        | 1 2 3 4 |  4.3
Stealth        | 2 |  2.2
Air Magic      | 1 2 3 |  3.0
Evocations     | 1 3 |  3.4
Invocations    | 2 |  2.3
Ice Magic      | 2 |  2.3

Action                   |  1- 3 |  4- 6 |  7- 9 | 10-12 || total
-------------------------+-------+-------+-------+-------++-------
Melee: Unarmed           |    13 |       |       |       ||    13
       Dagger            |    69 |   198 |   292 |    37 ||   596
 Cast: Summon Small Mamm |    24 |     5 |     1 |       ||    30
       Call Imp          |    12 |    30 |    47 |     1 ||    90
       Call Canine Famil |       |    17 |    21 |     2 ||    40
       Summon Lightning  |       |       |    16 |     1 ||    17
       Summon Guardian G |       |       |     6 |     1 ||     7
       Summon Ice Beast  |       |       |    10 |     2 ||    12
 Abil: Hop               |     1 |     1 |     4 |       ||     6
Evoke: Wand              |       |       |     1 |       ||     1
  Use: Scroll            |     3 |     7 |     6 |       ||    16
       Potion            |       |     1 |     4 |     1 ||     6
 Stab: Sleeping          |     4 |     6 |     1 |       ||    11
       Distracted        |     1 |       |     2 |       ||     3
  Eat: Chunk             |     3 |     9 |    22 |     1 ||    35
       Ration            |       |     1 |     1 |       ||     2
Armor: Robe              |    16 |    41 |    54 |     3 ||   114
Dodge: Dodged            |    56 |   113 |   175 |    34 ||   378
Block: Buckler           |       |    26 |    55 |    11 ||    92

Table legend:
 A = Non-vault XP
 B = Vault XP
 C = Vault XP percentage of total XP
 D = Non-vault monster count
 E = Vault monster count
 F = Vault count percentage of total count
                 A         B        C        D         E       F
            +---------+---------+-------+---------+---------+-------
      Total |    3528 |    1866 |  34.6 |     180 |      61 |  25.3
            +---------+---------+-------+---------+---------+-------
        D:1 |      57 |       0 |   0.0 |      37 |       0 |   0.0
        D:2 |      46 |      19 |  29.2 |      19 |       1 |   5.0
        D:3 |      53 |       0 |   0.0 |      20 |       0 |   0.0
        D:4 |     315 |     134 |  29.8 |      14 |       2 |  12.5
        D:5 |     375 |       0 |   0.0 |      15 |       0 |   0.0
        D:6 |     370 |     116 |  23.9 |      15 |       2 |  11.8
        D:7 |     534 |       0 |   0.0 |      18 |       0 |   0.0
        D:8 |     581 |       0 |   0.0 |      18 |       0 |   0.0
        D:9 |     812 |     788 |  49.2 |      20 |      10 |  33.3
       D:10 |     385 |     602 |  61.0 |       4 |      15 |  78.9
    Ossuary |       0 |     207 | 100.0 |       0 |      31 | 100.0
            +---------+---------+-------+---------+---------+-------
